 Dungeon Crawl Stone Soup version 0.30-a0-23-ge60ba3568b (webtiles) character file.

Game seed: 13780877357078311446

186 Pilot the Ducker (level 6, 0/45 HPs)
             Began as a Meteoran Wanderer on Aug 24, 2022.
             Slain by Adrian566's ghost (3 damage)
             ... on level 3 of the Dungeon.
             The game lasted 00:17:38 (1228 turns).

Pilot the Ducker (Meteoran Wanderer)                Turns: 1228, Time: 00:17:38

Health: 0/45       AC:  5    Str: 13    XL:     6   Next: 19%
Magic:  7/11       EV: 14    Int: 15    God:
Gold:   98         SH:  0    Dex: 15    Spells: 10/11 levels left

rFire   . . .      SeeInvis .    a - +0 falchion
rCold   . . .      Faith    .    (no shield)
rNeg    . . .      Spirit   .    d - +0 robe
rPois   .          Reflect  .    b - +0 helmet
rElec   .          Harm     .    (no cloak)
rCorr   .          Rampage  .    k - +1 Delatra's gloves {ID++}
Will    .....                    (no boots)
Stlth   +.........               (no amulet)
HPRegen 0.15/turn                (no ring)
MPRegen 0.12/turn                (no ring)

@: glowing
A: sense surroundings 1, otherworldly, glowing, explore regen
a: no special abilities


You were on level 3 of the Dungeon.
You visited 1 branch of the dungeon, and saw 3 of its levels.

You collected 98 gold pieces.

Inventory:

Hand Weapons
 a - a +0 falchion (weapon)
Missiles
 e - 12 stones
 r - 3 boomerangs
Armour
 b - a +0 helmet (worn)
 d - a +0 robe (worn)
 k - the +1 Delatra's gloves (worn) {ID++}
   (You found it on level 2 of the Dungeon)

   It heals its wearer when they drink unknown potions.
   It restores its wearer's MP when they read unknown scrolls.
 n - a +0 chain mail
Scrolls
 f - a scroll of magic mapping {unknown}
 g - a scroll of teleportation {unknown}
 h - a scroll of noise {unknown}
 i - a scroll of identify {unknown}
 j - a scroll of amnesia {unknown}
 l - a scroll of silence {unknown}
 q - a scroll of vulnerability {unknown}
Potions
 c - 2 potions of attraction
 o - a potion of curing {unknown}
 p - a potion of degeneration {unknown}


   Skills:
 + Level 3.0 Long Blades
 + Level 3.0 Armour
 + Level 5.5 Dodging
 + Level 3.0 Spellcasting
 + Level 4.6 Fire Magic


You had 10 spell levels left.
You knew the following spells:

 Your Spells              Type           Power      Damage    Failure   Level
a - Foxfire               Conj/Fire      36%        2x1d5     8%          1

Your spell library contained the following spells:

 Spells                   Type           Power      Damage    Failure   Level
 Scorch                   Fire           32%        2d7       4%          2
 Conjure Flame            Conj/Fire      9%         6-21      22%         3


Dungeon Overview and Level Annotations

Branches:
Dungeon (3/15) Zot: 530

Altars:

Annotations:
D:3 Adrian566's ghost, amateur HOFi


Innate Abilities, Weirdness & Mutations

You passively map a small area around you.
You are easily found by Zot.
You glow in the dark.
You regain HP and MP as you explore.


Message History

Confirm with . or Enter, or press ? or * to list all spells.
You conjure some foxfire!
The foxfire hits the adder.
The adder is moderately wounded.
The foxfire hits the adder.
The adder is heavily wounded.
The adder barely misses you.
Casting: Foxfire (safe; 8% risk of failure)
Confirm with . or Enter, or press ? or * to list all spells.
You conjure some foxfire!
The adder misses you.
The foxfire hits Adrian566's ghost but does no damage. x2
The adder misses you. The adder bites you but does no damage.
The adder attacks as you move away! The adder closely misses you.
Adrian566's ghost misses you.
Adrian566's ghost attacks as you move away!
Adrian566's ghost misses you.
Casting: Foxfire (safe; 8% risk of failure)
Confirm with . or Enter, or press ? or * to list all spells.
You conjure some foxfire!
Adrian566's ghost completely misses you.
You hit Adrian566's ghost.
Adrian566's ghost is lightly damaged.
Adrian566's ghost barely misses you. Adrian566's ghost hits you!
Adrian566's ghost barely misses you.
You start removing your armour.
You continue taking off your +0 robe.
Adrian566's ghost hits you!
Keep disrobing? [Y]es or [N]o only, please.
Keep disrobing?
Uppercase [Y]es or [N]o only, please.
Keep disrobing?
You stop removing your armour.
You barely miss Adrian566's ghost.
Adrian566's ghost is lightly damaged.
Adrian566's ghost hits you!
* * * LOW HITPOINT WARNING * * *
x2 You hit Adrian566's ghost but do no damage.
Adrian566's ghost is lightly damaged.
Adrian566's ghost hits you!
* * * LOW HITPOINT WARNING * * *
You die...

...####.####.##.......... *
#.### #.# #.##.......... .
####.####.##.......... * *
##..#.#................
#######...#................
~:~~~~'..##................
#######..##................
#......##................
#.....SW@.......#.....#..
#......##.......#########
#......##.......#
#......########## #......#
#......# #......# ########


You could see Adrian566's ghost and an adder.

Vanquished Creatures
  An orc wizard (D:2)
  8 adders
  3 gnolls (D:3)
  2 worms
  7 orcs
  A ball python (D:3)
  2 bats
  4 endoplasms
  6 giant cockroaches
  5 goblins
  3 hobgoblins
  4 kobolds
  2 quokkas (D:1)
  A frilled lizard (D:1)
  A rat (D:1)
50 creatures vanquished.

Vanquished Creatures (others)
  15 foxfires
15 creatures vanquished.

Grand Total: 65 creatures vanquished

Notes
Turn   | Place    | Note
-------+----------+-------------------------------------------
     0 | D:1      | Pilot the Meteoran Wanderer began the quest for the Orb.
     0 | D:1      | Pilot set off with the following items: a +0 falchion, a +0
                  | helmet, a potion of attraction, a +0 robe; and the
                  | following spell memorised: Foxfire; and the following
                  | spells available to memorise: Scorch, Conjure Flame.
     0 | D:1      | Reached XP level 1. HP: 14/14 MP: 3/3
   100 | D:1      | Reached XP level 2. HP: 10/20 MP: 3/5
   208 | D:1      | Reached skill level 5 in Dodging
   392 | D:1      | Found a faded altar of an unknown god.
   399 | D:1      | Reached XP level 3. HP: 25/26 MP: 6/6
   486 | D:1      | Glimpsed the power of Zot.
   535 | D:1      | Glimpsed the power of Zot.
   623 | D:2      | Found the +1 Delatra's gloves {ID++}
   634 | D:2      | Reached XP level 4. HP: 11/33 MP: 8/8
   745 | D:2      | You fall into a shaft and drop 1 floor!
   770 | D:3      | Reached XP level 5. HP: 22/38 MP: 9/9
   776 | D:3      | Found a runed translucent door.
   778 | D:3      | Noticed Adrian566's ghost (amateur HOFi)
  1080 | D:3      | Reached XP level 6. HP: 33/45 MP: 11/11
  1228 | D:3      | Slain by Adrian566's ghost

Illustrated notes

Levels and vault maps discovered:
D:1:      dpeg_arrival_prison, layout_loops_ring,
          hellmonk_ecumenical_altar_crossroads
D:2:      layout_rooms, chequers_serial_rivers_micro_b,
          pf_guarded_unrand_delatra
D:3:      layout_rooms, ebering_ghost_sewer_d

Skill      XL: |  1  2  3  4  5  6 |
---------------+-------------------+-----
Dodging        | 5 |  5.5
Long Blades    | 2 3 |  3.0
Spellcasting   | 2 3 |  3.0
Fire Magic     | 4 |  4.6
Armour         | 2 3 |  3.0

Action                   |  1- 3 |  4- 6 || total
-------------------------+-------+-------++-------
Melee: Falchion          |    82 |   107 ||   189
       Punch             |     1 |     3 ||     4
Throw: Stone             |       |     1 ||     1
       Boomerang         |       |    11 ||    11
 Cast: Foxfire           |       |    11 ||    11
  Use: Potion            |       |     1 ||     1
Armor: Robe              |    21 |    14 ||    35
       Chain mail        |       |    56 ||    56
       Skin              |       |    12 ||    12
Dodge: Dodged            |    50 |    49 ||    99

Table legend: (Time is in decaauts)
 A = Elapsed time spent in this place.
 B = Non-inter-level travel time spent in this place.
 C = Inter-level travel time spent in this place.
 D = Time resting spent in this place.
 E = Time spent auto-exploring this place.
 F = Levels seen in this place.
 G = Mean time per level.
                   A        B        C        D        E       F      G
               +--------+--------+--------+--------+--------+-----+--------+
         Total |   1268 |    521 |    747 |      0 |      0 |   3 |  422.7 |
       Dungeon |   1268 |    521 |    747 |      0 |      0 |   3 |  422.7 |
               +--------+--------+--------+--------+--------+-----+--------+

Top non-repeatable levels by time:
     D:1: 570 daAuts
     D:3: 501 daAuts
     D:2: 195 daAuts
